 Seeded DCSS version 0.31-a0-986-g5e6e4ef867 (webtiles) character file.

Game seed: 12917816608264302020 (custom seed)

1155 SigmundSlayer the Trooper (level 7, -6/61 HPs)
             Began as a Demigod Fighter on Nov 4, 2023.
             Splashed by a jelly's acid (8 damage)
             ... on level 5 of the Dungeon.
             The game lasted 00:04:10 (2998 turns).

SigmundSlayer the Trooper (Demigod Fighter)         Turns: 2998, Time: 00:04:11

Health: -6/61      AC: -15   Str: 17    XL:     7   Next: 94%
Magic:  27/27      EV:  9    Int: 10    God:
Gold:   371        SH:  6    Dex: 21    Spells: 6/6 levels left

rFire   . . .        e - +8 Vampire's Tooth {megavamp}
rCold   . . .        c - +0 buckler
rNeg    . . .        b - +0 scale mail
rPois   .            (no helmet)
rElec   .            (no cloak)
rCorr   .            o - +0 pair of gloves
SInv    .            (no boots)
Will    .....        (no amulet) Stlth
                     g - ring of magical power
HPRegen 0.30/turn    h - ring of magical power
MPRegen 0.20/turn

%: no passive effects
@: corroded
A: high MP 1, forlorn, divine attributes
a: no special abilities


You were on level 5 of the Dungeon.
You visited 1 branch of the dungeon, and saw 5 of its levels.

You collected 371 gold pieces.

Inventory:

Hand Weapons
 a - a +0 long sword of protection
 e - the +8 Vampire's Tooth (weapon) {megavamp}
   (You acquired it on level 1 of the Dungeon)
Armour
 b - a +0 scale mail (worn)
 c - a +0 buckler (worn)
 o - a +0 pair of gloves (worn)
Jewellery
 d - a ring of fire
 g - a ring of magical power (left hand)
 h - a ring of magical power (right hand)
Scrolls
 f - 2 scrolls of vulnerability
 i - 3 scrolls of enchant weapon
 j - a scroll of immolation
Potions
 k - 4 potions of curing
 l - a potion of enlightenment
 m - 3 potions of attraction {unknown}
 p - a potion of degeneration {unknown}
 q - a potion of berserk rage {unknown}
 r - a potion of magic {unknown}


   Skills:
 + Level 5.1 Fighting
 + Level 4.1(4.3) Short Blades
 - Level 2.1(3.3) Long Blades
 + Level 5.1 Armour
 + Level 5.1 Shields


You had 6 spell levels left.
You didn't know any spells.
Your spell library contained the following spells:

 Spells                   Type           Power      Damage    Failure   Level
 Magic Dart               Conj           0%         1d3       83%         1
 Sting                    Tmut/Pois      0%         1d3       83%         1
 Poisonous Vapours        Pois/Air       0%         N/A       92%         2
 Searing Ray              Conj           0%         2d4       92%         2
 Stone Arrow              Conj/Erth      0%         3d7       99%         3
 Animate Armour           Summ/Erth      0%         N/A       100%        4
 Fulminant Prism          Conj/Hex       0%         3d5       100%        4
 Olgreb's Toxic Radiance  Pois           0%         N/A       100%        4
 Lehudib's Crystal Spear  Conj/Erth      0%         10d2      100%        8


Dungeon Overview and Level Annotations

Branches:
Dungeon (5/15)             Temple (0/1) D:4

Shops:
D:4 [


Innate Abilities, Weirdness & Mutations

You have an increased reservoir of magic. (+10% MP)
You shall have no god before yourself.
Your divine heritage dramatically boosts your attributes as you level up.


Message History

You hear the slow hiss of an avalanche of sand nearby.
The gnoll shouts!
You hear a shout!
A gnoll sergeant comes into view. It is wielding a +4 spear.
You rip the net and break free!
The jelly completely misses you. The jelly hits you. The acid corrodes you!
You are splashed with acid!
You hit the jelly. The acid corrodes you!
Your hands burn!
You hit the jelly. The acid corrodes you!
Your hands burn!
The jelly is heavily wounded.
The jelly hits you. The acid corrodes you!
You are splashed with acid!
You hit the jelly.
You feel better. The acid corrodes you!
Your hands burn!
You hit the jelly.
Your hands burn!
The jelly is heavily wounded.
The jelly hits you. The acid corrodes you!
You are splashed with acid!
The iguana bites you.
* * * LOW HITPOINT WARNING * * *
You are too injured to fight recklessly!
You are too injured to fight recklessly!
You are too injured to fight recklessly!
You are too injured to fight recklessly!
You are too injured to fight recklessly!
You are too injured to fight recklessly!
You are too injured to fight recklessly!
You are too injured to fight recklessly!
You are too injured to fight recklessly!
You are too injured to fight recklessly!
You are too injured to fight recklessly!
You are too injured to fight recklessly!
Okay, then.
Okay, then.
You hit the iguana but do no damage. You closely miss the iguana.
The gnoll barely misses you. The jelly barely misses you. The iguana bites you.
* * * LOW HITPOINT WARNING * * *
The jelly attacks as it pursues you! The jelly hits you.
* * * LOW HITPOINT WARNING * * *
The acid corrodes you!
You are splashed with acid!
* * * LOW HITPOINT WARNING * * *
The jelly hits you.
* * * LOW HITPOINT WARNING * * *
You are splashed with acid!
You die...

#..........# #..........#
#..........# #..........#
#..........# ##gg.g.g....#
♣...l...h...##########
.~~..~.g##+####Jl..........#
~~~~~~.## #@###..#####.#
.~≈≈~g. #......# #.)# #.#
~g≈≈~~. #+###### #.[# #.#
.~~≈~~. #..# #.# ~.~gg~.
#..# #.# ~..~.~# #... #.#
#.## #.# #. #.# #.#


You could see an iguana, a hound, a jelly and a gnoll.

Vanquished Creatures
  Pikel (D:4)
  Menkaure (D:4)
  An ogre (D:5)
  The ghost of Naiya55 the Shield-Bearer, an amateur FoFi (D:3)
  A phantom (D:4)
  A bullfrog (D:3)
  A scorpion (D:4)
  An orc priest (D:4)
  An orc wizard (D:4)
  A scorpion simulacrum (D:3)
  6 adders
  4 gnolls (D:4)
  A hound simulacrum (D:3)
  4 worms
  A dart slug (D:4)
  2 adder simulacra (D:3)
  4 orcs
  2 bats
  11 endoplasms
  3 giant cockroaches
  5 goblins
  6 hobgoblins
  3 jackals
  8 kobolds
  2 quokkas
  7 ball pythons
  A ball python simulacrum (D:3)
  2 frilled lizards (D:3)
  A jackal simulacrum (D:3)
  A rat (D:1)
84 creatures vanquished.

Notes
Turn   | Place    | Note
-------+----------+-------------------------------------------
     0 | D:1      | SigmundSlayer the Demigod Fighter began the quest for the
                  | Orb.
     0 | D:1      | Reached XP level 1. HP: 18/18 MP: 3/3
   371 | D:1      | Reached XP level 2. HP: 25/25 MP: 4/4
   663 | D:1      | Identified a scroll of acquirement
   663 | D:1      | Acquired the +8 Vampire's Tooth {megavamp}
   663 | D:1      | Found the +8 Vampire's Tooth {megavamp}
   724 | D:2      | Reached XP level 3. HP: 28/31 MP: 5/5
  1163 | D:3      | Reached skill level 1 in Short Blades
  1177 | D:3      | Found a runed translucent gate.
  1177 | D:3      | Found a runed translucent gate.
  1177 | D:3      | Found a runed translucent gate.
  1263 | D:3      | Reached XP level 4. HP: 38/38 MP: 6/6
  1329 | D:3      | Noticed Naiya55's ghost (amateur FoFi)
  1582 | D:3      | Noticed a bullfrog
  1588 | D:3      | Killed a bullfrog
  2077 | D:3      | Killed Naiya55's ghost
  2078 | D:3      | Reached XP level 5. HP: 46/46 MP: 7/7
  2190 | D:4      | Reached XP level 6. HP: 51/52 MP: 8/8
  2285 | D:4      | Noticed Menkaure
  2297 | D:4      | Killed Menkaure
  2361 | D:4      | Found Ugaps's Armour Shop.
  2464 | D:4      | Reached XP level 7. HP: 59/60 MP: 9/9
  2585 | D:4      | Noticed Pikel
  2595 | D:4      | Killed Pikel
  2596 | D:4      | Reached skill level 5 in Fighting
  2596 | D:4      | Reached skill level 5 in Armour
  2596 | D:4      | Reached skill level 5 in Shields
  2682 | D:4      | Found a staircase to the Ecumenical Temple.
  2884 | D:5      | Entered Level 5 of the Dungeon
  2995 | D:5      | HP: 3/61 [acid (8)]
  2998 | D:5      | Splashed by a jelly's acid

Illustrated notes

Levels and vault maps discovered:
D:1:      dpeg_arrival_brainrot, layout_basic, minmay_split_cup_small
D:2:      layout_rooms, serial_forest, infiniplex_forest_lined_4_way,
          infiniplex_forest_straight_2, infiniplex_forest_clump_tiny,
          infiniplex_forest_join, infiniplex_forest_corner_2,
          infiniplex_forest_clump_curved
D:3:      layout_basic, amcnicky_altar_gilded, gammafunk_ghost_icy
D:4:      layout_rooms, zin_treasury, nzn_wu_jian_contemplation,
          minmay_temple_entry_poolview, serial_shops, shop, uniq_menkaure,
          uniq_pikel
D:5:      layout_basic, serial_bayou, serial_bayou_pond_b,
          serial_bayou_crossing, serial_bayou_lake_a, serial_bayou_ford_a,
          chequers_ossuary_entry_cave, uniq_eustachio

Skill      XL: |  1  2  3  4  5  6  7 |
---------------+----------------------+-----
Long Blades    | 2 |  2.1
Fighting       | 3 4 5 |  5.1
Armour         | 3 4 5 |  5.1
Shields        | 3 4 5 |  5.1
Short Blades   | 1 2 3 4 |  4.1

Action                     |  1- 3 |  4- 6 |  7- 9 || total
---------------------------+-------+-------+-------++-------
  Melee: Long sword        |    42 |       |       ||    42
         Quick blade       |    70 |    97 |    44 ||   211
    Use: Scroll            |     1 |     3 |     4 ||     8
         Potion            |       |     2 |       ||     2
 Armour: Scale mail        |    55 |    30 |    19 ||   104
         Skin              |       |     4 |       ||     4
  Dodge: Dodged            |    38 |    17 |     5 ||    60
  Block: Buckler           |    17 |    14 |     5 ||    36

Table legend: (Time is in decaauts)
 A = Elapsed time spent in this place.
 B = Non-inter-level travel time spent in this place.
 C = Inter-level travel time spent in this place.
 D = Time resting spent in this place.
 E = Time spent auto-exploring this place.
 F = Levels seen in this place.
 G = Mean time per level.
                   A        B        C        D        E       F      G
               +--------+--------+--------+--------+--------+-----+--------+
         Total |   3023 |   2943 |     80 |    224 |   2220 |   5 |  604.6 |
       Dungeon |   3023 |   2943 |     80 |    224 |   2220 |   5 |  604.6 |
               +--------+--------+--------+--------+--------+-----+--------+

Top non-repeatable levels by time:
     D:3: 1110 daAuts
     D:4: 702 daAuts
     D:1: 688 daAuts
     D:2: 408 daAuts
     D:5: 113 daAuts
